 Dungeon Crawl Stone Soup version 0.17.0-28-g6e173f8 (webtiles) character file.

232 root the Chucker (level 6, 0/63 HPs)
             Began as an Ogre Hunter on Nov 26, 2015.
             Slain by an orc priest
             ... wielding a +0 trident
              (1 damage)
             ... on level 4 of the Dungeon.
             The game lasted 00:21:26 (4182 turns).

root the Chucker (Ogre Hunter)                      Turns: 4182, Time: 00:21:27

Health: 0/63       AC:  3    Str: 19    XL:     6   Next: 4%
Magic:  6/6        EV: 10    Int: 10    God:
Gold:   193        SH:  0    Dex: 11    Spells: 0 memorised, 5 levels left

rFire  . . .     SeeInvis .     o - +0 mace
rCold  . . .     Clarity  .     b - +0 robe
rNeg   . . .     SustAt   .     (no shield)
rPois  .         Gourm    .     (helmet restricted)
rElec  .         Spirit   .     (no cloak)
rCorr  .         Warding  .     (gloves unavailable)
rMut   .         Stasis   .     (boots unavailable)
MR     .....                    (no amulet)
Stlth  +.........               (no ring)
                                (no ring)

@: not resistant to hostile enchantments, very unstealthy
A: unfitting armour, tough skin 1
a: no special abilities


You were on level 4 of the Dungeon.
You were not hungry.

You visited 1 branch of the dungeon, and saw 4 of its levels.

You collected 193 gold pieces.

Inventory:

Hand Weapons
 a - a +0 short sword
 h - a +0 club
 o - a +0 mace (weapon)
Missiles
 c - 9 large rocks
 d - 4 throwing nets
 f - 108 stones (quivered)
 y - 7 javelins
Armour
 b - a +0 robe (worn)
Scrolls
 k - a scroll of magic mapping {unknown}
 l - 4 scrolls of identify {unknown}
 m - a scroll of enchant weapon {unknown}
 p - a scroll of fear {unknown}
 r - a scroll of teleportation {unknown}
 s - a scroll of recharging {unknown}
 z - a scroll of enchant armour {unknown}
Potions
 g - a potion of magic {unknown}
 i - a potion of brilliance {unknown}
 j - a potion of mutation {unknown}
 n - a potion of beneficial mutation {unknown}
 t - a potion of cure mutation {unknown}
 v - a potion of invisibility {unknown}
 x - a potion of lignification {unknown}
Comestibles
 e - 4 bread rations
 q - a chunk of flesh
 u - 2 beef jerkies
 w - a meat ration


   Skills:
 + Level 4.7 Fighting
 + Level 3.3 Maces & Flails
 + Level 5.0 Throwing
 + Level 3.0 Dodging
 - Level 0.7 Stealth


You had 5 spell levels left.
You didn't know any spells.

Dungeon Overview and Level Annotations

Branches:
Dungeon (4/15)
 Temple: D:4-7

Altars:
Elyvilon
Xom


Innate Abilities, Weirdness & Mutations

You are too large for most types of armour.
You have tough skin (AC +1).


Message History

The orc priest hits you with a trident.
* * * LOW HITPOINT WARNING * * *
You hit the orc priest but do no damage.
The orc priest miscasts a cantrip.
You thump the orc priest!
The orc priest is heavily wounded.
The orc priest hits you but does no damage.
You hit the orc priest.
The orc priest is heavily wounded.
The orc priest mumbles some strange prayers to Beogh against you.
Something smites you!
* * * LOW HITPOINT WARNING * * *
The orc priest hits you but does no damage.
You hit the orc priest.
The orc priest is severely wounded.
The orc priest closely misses you.
You barely miss the orc priest.
The orc priest is severely wounded.
The orc priest hits you with a trident.
You die...

#.# #.###.###### ### #.#
#.# #....# #.# #.# ###
####.# #.###.# ######.##
#.....#####.......# ##
#>................+..+
#.#########.......#.#
#.#########o.....<..#####
#.........@..............
###########.......#######
#.......# #########


You could see an orc priest.

Vanquished Creatures
  A worker ant (D:3)
  An orc wizard (D:3)
  5 adders
  4 gnolls (D:2)
  5 worms
  7 orcs
  5 bats
  6 giant cockroaches
  10 goblins
  5 hobgoblins
  11 jackals
  2 giant geckos
  16 giant newts
  7 kobolds
  4 rats
89 creatures vanquished.

Notes
Turn   | Place    | Note
--------------------------------------------------------------
     0 | D:1      | root the Ogre Hunter began the quest for the Orb.
     0 | D:1      | Reached XP level 1. HP: 22/22 MP: 1/1
   130 | D:1      | Reached XP level 2. HP: 15/29 MP: 2/2
   279 | D:1      | Reached skill level 1 in Maces & Flails
   471 | D:1      | Reached XP level 3. HP: 28/37 MP: 3/3
  1494 | D:2      | Reached XP level 4. HP: 7/45 MP: 4/4
  2282 | D:2      | Found a shimmering altar of Xom.
  2352 | D:2      | Reached XP level 5. HP: 29/54 MP: 5/5
  2439 | D:2      | Found a white marble altar of Elyvilon.
  3956 | D:3      | Reached skill level 5 in Throwing
  4053 | D:4      | Reached XP level 6. HP: 49/63 MP: 6/6
  4180 | D:4      | HP: 1/63 [orc priest/divine providence (14)]
  4182 | D:4      | Slain by an orc priest

Action                   |  1- 3 |  4- 6 || total
-------------------------+-------+-------++-------
Melee: Club              |   153 |    10 ||   163
       Short sword       |    17 |       ||    17
       Mace              |       |   169 ||   169
Throw: Stone             |    36 |   130 ||   166
       Large rock        |       |     7 ||     7
 Stab: Sleeping          |       |     1 ||     1
  Eat: Chunk             |     2 |     9 ||    11
